 Dungeon Crawl Stone Soup version 0.32-a0-361-g289a535e89 (webtiles) character file.

Game seed: 9499293015385585696

1627 grabbite the Chopper (level 8, -3/94 HPs)
             Began as a Coglin Berserker on Feb 19, 2024.
             Was an Elder of Trog.
             Slain by a gnoll
             ... wielding a +0 halberd
             ... led by a gnoll bouda
              (8 damage)
             ... on level 7 of the Dungeon.
             The game lasted 00:06:37 (6078 turns).

grabbite the Chopper (Coglin Berserker)             Turns: 6078, Time: 00:06:38

Health: -3/94      AC:  7    Str: 20    XL:     8   Next: 97%
Magic:  8/8        EV: 11    Int:  6    God:    Trog [****..]
Gold:   246        SH:  0    Dex: 14    Spells: 7/7 levels left

rFire   . . .        a - +1 hand axe {Ingrid}
rCold   . . .        l - +0 hand axe {Milos}
rNeg    . . .        n - +0 scale mail
rPois   .            (no helmet)
rElec   .            (no cloak)
rCorr   .            (no gloves)
SInv    .            (no boots)
Will    .....        (no amulet) Stlth
                     (no ring)
HPRegen 0.35/turn    (no ring)
MPRegen 0.11/turn

%: no passive effects
@: berserking, revved, stiff-legged, slow
A: off-hand wielding, slow wielding, warmup strikes, warmup strides
a: Renounce Religion, Berserk, Trog's Hand, Brothers in Arms


You were on level 7 of the Dungeon.
You worshipped Trog.
Trog was greatly pleased with you.
You visited 1 branch of the dungeon, and saw 7 of its levels.

You collected 246 gold pieces.

Inventory:

Hand Weapons
 a - a +1 hand axe (weapon) {Ingrid}
 l - a +0 hand axe (worn) {Milos}
Armour
 n - a +0 scale mail (worn)
Wands
 c - a wand of flame (29)
 d - a wand of iceblast (12)
Scrolls
 f - 7 scrolls of identify
Potions
 b - a potion of haste {unknown}
 e - a potion of lignification {unknown}
 g - a potion of heal wounds {unknown}
 h - a potion of might {unknown}
 i - a potion of enlightenment {unknown}
 j - 3 potions of curing {unknown}


   Skills:
 + Level 5.4 Fighting
 * Level 7.1 Axes
 + Level 4.3 Armour
 + Level 4.3 Dodging
 + Level 5.4 Evocations


You had 7 spell levels left.
You didn't know any spells.
Your spell library was empty.

Dungeon Overview and Level Annotations

Branches:
Dungeon (7/15)             Temple (0/1) D:6

Altars:
Cheibriados

Shops:
D:6 *

Annotations:
D:2 Jessica, Sigmund
D:3 1 runed translucent door, ytrimaz's ghost, amateur CoGl


Innate Abilities, Weirdness & Mutations

You can wield a second weapon in your off-hand.
It takes a long time for you to wield or remove held weapons.
Your first few attacks do less damage.
Your first movements take longer.


Message History

The gnoll closely misses you.
You closely miss the gnoll with your +0 hand axe.
The gnoll is heavily wounded.
You closely miss the gnoll with your +1 hand axe.
The gnoll completely misses you. The gnoll closely misses you.
You barely miss the gnoll with your +0 hand axe.
The gnoll is heavily wounded.
You hit the gnoll with your +1 hand axe.
The gnoll barely misses you. x2
You hit the gnoll but do no damage.
The gnoll is severely wounded.
You hit the gnoll but do no damage. The gnoll hits you with a +0 halberd.
The gnoll hits you from afar with a +0 halberd.
You closely miss the gnoll with your +1 hand axe.
The gnoll is severely wounded.
You hit the gnoll with your +0 hand axe.
The gnoll hits you with a +0 halberd.
You closely miss the gnoll with your +1 hand axe.
The gnoll is severely wounded.
You closely miss the gnoll with your +0 hand axe.
The gnoll closely misses you. The gnoll hits you with a +0 halberd!
* * * LOW HITPOINT WARNING * * *
You slash the gnoll with your +1 hand axe!
You kill the gnoll!
Trog accepts your kill. The gnoll barely misses you.
Okay, then.
Okay, then.
Okay, then.
The gnoll barely misses you. The gnoll hits you with a +0 halberd!
* * * LOW HITPOINT WARNING * * *
You see here a +0 whip.
Unknown command.
A red film seems to cover your vision as you go berserk!
You feel yourself moving faster!
You feel mighty! The gnoll closely misses you.
You hit the gnoll with your +1 hand axe.
The gnoll is moderately wounded.
You hit the gnoll with your +0 hand axe.
The gnoll hits you with a +0 halberd!
You die...

.###############
..............>###.
......g@)..........
.......))....#.
############.#
#..<# #.#.# #.#.# .
#.# ## #.# #.#


You could see a gnoll.

Vanquished Creatures
  A wraith (D:6)
  2 ice beasts
  4 ogres
  A kobold brigand (D:6)
  A bullfrog (D:7)
  2 scorpions
  2 bombardier beetles
  2 gnoll boudas
  Ijyb (D:5)
  5 iguanas (D:6)
  3 orc wizards (D:4)
  10 gnolls
  3 adders
  A white imp (D:6)
  4 ufetubi
  4 ribbon worms
  2 dart slugs
  15 orcs
  6 endoplasms
  7 giant cockroaches
  6 goblins
  5 hobgoblins
  8 quokkas
  9 ball pythons
  8 bats
  4 frilled lizards
  7 kobolds
  6 rats
129 creatures vanquished.

Notes
Turn   | Place    | Note
-------+----------+-------------------------------------------
     0 | D:1      | grabbite the Coglin Berserker began the quest for the Orb.
     0 | D:1      | Reached XP level 1. HP: 18/18 MP: 1/1
    93 | D:1      | Reached XP level 2. HP: 24/24 MP: 2/2
   190 | D:1      | Reached skill level 1 in Evocations
   367 | D:1      | Reached XP level 3. HP: 29/29 MP: 3/3
   505 | D:1      | Found a faded altar of an unknown god.
   550 | D:1      | Reached ** piety under Trog
   946 | D:2      | Reached XP level 4. HP: 10/35 MP: 4/4
  1365 | D:2      | Noticed Jessica
  1476 | D:2      | Noticed Sigmund
  1498 | D:3      | Reached skill level 4 in Axes
  1649 | D:3      | Reached XP level 5. HP: 40/41 MP: 5/5
  1717 | D:3      | Found a snail-covered altar of Cheibriados.
  1824 | D:3      | Found a runed translucent door.
  1997 | D:3      | Noticed ytrimaz's ghost (amateur CoGl)
  2219 | D:4      | Reached *** piety under Trog
  2528 | D:4      | Reached XP level 6. HP: 43/48 MP: 6/6
  2883 | D:4      | Reached skill level 5 in Axes
  3138 | D:5      | Entered Level 5 of the Dungeon
  3194 | D:5      | Reached XP level 7. HP: 28/54 MP: 7/7
  4310 | D:5      | Noticed Ijyb
  4322 | D:5      | Killed Ijyb
  4393 | D:5      | Reached XP level 8. HP: 47/61 MP: 8/8
  4465 | D:5      | Reached skill level 6 in Axes
  4614 | D:6      | Found Zurgh's CLEARANCE SALE!.
  4836 | D:6      | Reached skill level 5 in Fighting
  4967 | D:6      | Noticed a wraith
  4976 | D:6      | Killed a wraith
  5126 | D:6      | Found a staircase to the Ecumenical Temple.
  5284 | D:6      | Reached skill level 5 in Evocations
  5356 | D:6      | Reached **** piety under Trog
  6046 | D:7      | Reached skill level 7 in Axes
  6076 | D:7      | HP: 3/63 [gnoll/+0 halberd[a gnoll bouda] (12)]
  6078 | D:7      | Slain by a gnoll

Illustrated notes

Levels and vault maps discovered:
D:1:      scummos_arrival_hexagon, layout_basic, ebering_ecumenical_altar_mist
D:2:      layout_rooms, serial_bayou_pond_e, uniq_jessica, uniq_sigmund
D:3:      layout_rooms, chei_slow_surprise, ebering_ghost_reflecting_pool
D:4:      layout_loops_cross
D:5:      layout_loops_corners, uniq_ijyb
D:6:      layout_layer_cave, minmay_temple_entry_glass, nicolae_shop_clearance
D:7:      layout_basic, kennysheep_another_room, lemuel_flamethrower_1

Skill      XL: |  1  2  3  4  5  6  7  8 |
---------------+-------------------------+-----
Armour         | 2 3 4 |  4.3
Evocations     | 1 2 3 4 5 |  5.4
Dodging        | 2 3 4 |  4.3
Axes           | 4 5 7 |  7.1
Fighting       | 4 5 |  5.4

Action                     |  1- 3 |  4- 6 |  7- 9 || total
---------------------------+-------+-------+-------++-------
  Melee: Hand axe          |    74 |   257 |   263 ||   594
 Invoke: Berserk           |     1 |       |     4 ||     5
         Trog's Hand       |       |     1 |       ||     1
    Use: Scroll            |     1 |     4 |     4 ||     9
         Potion            |     1 |       |       ||     1
   Stab: Sleeping          |     3 |       |       ||     3
 Armour: Animal skin       |    45 |    37 |       ||    82
         Ring mail         |       |    28 |       ||    28
         Scale mail        |       |    56 |    78 ||   134
  Dodge: Dodged            |    57 |    94 |    93 ||   244

Table legend: (Time is in decaauts)
 A = Elapsed time spent in this place.
 B = Non-inter-level travel time spent in this place.
 C = Inter-level travel time spent in this place.
 D = Time resting spent in this place.
 E = Time spent auto-exploring this place.
 F = Levels seen in this place.
 G = Mean time per level.
                   A        B        C        D        E       F      G
               +--------+--------+--------+--------+--------+-----+--------+
         Total |   6327 |   6125 |    202 |    357 |   4729 |   7 |  903.9 |
       Dungeon |   6327 |   6125 |    202 |    357 |   4729 |   7 |  903.9 |
               +--------+--------+--------+--------+--------+-----+--------+

Top non-repeatable levels by time:
     D:6: 1505 daAuts
     D:5: 1484 daAuts
     D:4: 1158 daAuts
     D:1: 993 daAuts
     D:2: 586 daAuts
     D:3: 554 daAuts
     D:7: 44 daAuts
